 Dungeon Crawl Stone Soup version 0.24.0-123-gd5b16e6ec5 (webtiles) character file.

Game seed: 11243713123592163199, levelgen mode: deterministic

91 Johnny the Digger (level 4, -3/33 HPs)
             Began as a Demigod Earth Elementalist on Feb 1, 2020.
             Slain by a scorpion (6 damage)
             ... on level 4 of the Dungeon.
             The game lasted 00:02:09 (1846 turns).

Johnny the Digger (Demigod Earth Elementalist)      Turns: 1846, Time: 00:02:09

Health: -3/33      AC:  2    Str: 11    XL:     4   Next: 12%
Magic:  3/11       EV: 12    Int: 21    God:
Gold:   56         SH:  0    Dex: 16    Spells: 8/9 levels left

rFire    . . .     SeeInvis .   (no weapon)
rCold    . . .     Gourm    .   (no shield)
rNeg     + . .     Faith    .   c - +0 robe
rPois    .         Spirit   .   (no helmet)
rElec    .         Reflect  .   (no cloak)
rCorr    .         Harm     .   (no gloves)
MR       .....                  (no boots)
Stlth    ++........             (no amulet)
HPRegen  0.11/turn              h - ring of positive energy
MPRegen  0.12/turn              (no ring)

@: lethally poisoned (-3 -> -18)
A: high mp 1
a: no special abilities


You were on level 4 of the Dungeon.
You were not hungry.

You visited 1 branch of the dungeon, and saw 3 of its levels.

You collected 56 gold pieces.

Inventory:

Missiles
 b - 34 stones (quivered)
Armour
 c - a +0 robe (worn)
Jewellery
 h - a ring of positive energy (left hand)
Scrolls
 a - a scroll of noise {unknown}
 e - a scroll of identify {unknown}
 f - a scroll of enchant weapon {unknown}
 g - a scroll of teleportation {unknown}
Potions
 i - a potion of heal wounds
Comestibles
 d - 3 rations


   Skills:
 - Level 1.7 Dodging
 - Level 1.7 Stealth
 + Level 3.0 Spellcasting
   Level 0.8 Transmutations
 + Level 3.8 Earth Magic


You had 8 spell levels left.
You knew the following spells:

 Your Spells              Type           Power        Failure   Level  Hunger
a - Sandblast             Erth           ###...       2%          1    None

Your spell library contained the following spells:

 Spells                   Type           Power        Failure   Level  Hunger
 Passwall                 Tmut/Erth      ##......     8%          2    ##.....
 Stone Arrow              Conj/Erth      ##....       19%         3    ###....
 Petrify                  Tmut/Erth      ##......     45%         4    ####...
 Lee's Rapid Deconstruct  Erth           ###.......   58%         5    ######.


Dungeon Overview and Level Annotations

Branches:
Dungeon (2/15)

Annotations:
D:1 Terence


Innate Abilities, Weirdness & Mutations

You have an increased reservoir of magic. (+10% MP)


Message History

Confirm with . or Enter, or press ? or * to list all spells.
Aiming: Sandblast (safe; 2% risk of failure)
Press: ? - help, Shift-Dir - straight line, f/p - scorpion
Aim: a scorpion (lightly wounded)
The blast of sand hits the scorpion.
The scorpion is moderately wounded.
b - 35 stones
* * * LOW HITPOINT WARNING * * *
You feel sick. The scorpion misses you.
Casting: Sandblast (safe; 2% risk of failure)
Confirm with . or Enter, or press ? or * to list all spells.
Aiming: Sandblast (safe; 2% risk of failure)
Press: ? - help, Shift-Dir - straight line, f/p - scorpion
Aim: a scorpion (moderately wounded)
The blast of sand hits the scorpion.
The scorpion is moderately wounded.
b - 34 stones
* * * LOW HITPOINT WARNING * * *
You feel sick. The scorpion stings you.
You die...

#...........#.# ...
#...........#.# ....
#...........#.# ....
###########.#.#.....
#.#.#.....
#####'#......#
#.........####
#............#
#.....@...##.#
#.....s......#
#........#####
#....../.#
#........#
#........#
##########


You could see a scorpion.

Vanquished Creatures
  Natasha (D:2)
  2 adders (D:2)
  3 dart slugs (D:1)
  2 leopard geckos (D:1)
  4 giant cockroaches (D:1)
  4 goblins (D:1)
  3 hobgoblins
  2 quokkas (D:2)
  5 bats
  4 frilled lizards
  5 kobolds
  7 rats
42 creatures vanquished.

Notes
Turn   | Place    | Note
-------+----------+-------------------------------------------
     0 | D:1      | Johnny the Demigod Earth Elementalist began the quest for
                  | the Orb.
     0 | D:1      | Reached XP level 1. HP: 14/14 MP: 5/5
    71 | D:1      | Reached XP level 2. HP: 11/20 MP: 1/7
   805 | D:1      | Reached XP level 3. HP: 22/26 MP: 6/9
  1041 | D:2      | Noticed Terence
  1204 | D:2      | Noticed Natasha
  1207 | D:2      | Killed Natasha
  1706 | D:2      | Reached XP level 4. HP: 9/33 MP: 4/11
  1814 | D:2      | You fall into a shaft and drop 2 floors!
  1846 | D:4      | Slain by a scorpion

Levels and vault maps discovered:
D:1:      sevenhm_arrival_forest_fort_large_4, layout_basic
D:2:      layout_basic, nemelex_xobeh_ov_fountains_minmay, uniq_terence,
          uniq_natasha
D:4:      layout_basic, minmay_crystal_water

Skill      XL: |  1  2  3 |
---------------+----------+-----
Spellcasting   | 2 3 |  3.0
Earth Magic    | 3 |  3.8
Dodging        | |  1.7
Stealth        | |  1.7
Transmutations | |  0.8

Action                   |  1- 3 |  4- 6 || total
-------------------------+-------+-------++-------
Melee: Unarmed           |    57 |       ||    57
 Cast: Sandblast         |    64 |    12 ||    76
  Use: Potion            |       |     3 ||     3
 Stab: Sleeping          |     3 |       ||     3
  Eat: Chunk             |     2 |     1 ||     3
Armor: Robe              |    32 |     1 ||    33
Dodge: Dodged            |    83 |     2 ||    85
